 Dungeon Crawl Stone Soup version 0.18.1-48-g4cf74bf (webtiles) character file.

647 Iskender the Sneak (level 7, -3/41 HPs)
             Began as an Octopode Wanderer on Aug 23, 2016.
             Was a Follower of Fedhas.
             Slain by an ice beast (10 damage)
             ... on level 5 of the Dungeon.
             The game lasted 00:24:00 (4133 turns).

Iskender the Sneak (Octopode Wanderer)              Turns: 4133, Time: 00:24:02

Health: -3/41      AC:  1    Str: 10    XL:     7   Next: 52%
Magic:  9/9        EV: 13    Int: 19    God:    Fedhas [*.....]
Gold:   128        SH:  0    Dex: 14    Spells: 0 memorised, 6 levels left

rFire  . . .     SeeInvis .     b - +2 shortbow
rCold  . . .     Gourm    .     (shield currently unavailable)
rNeg   + . .     Faith    .     (helmet restricted)
rPois  .         Spirit   .     (no amulet)
rElec  .         Dismiss  .     h - ring of positive energy
rCorr  +         Reflect  .     p - +4 ring of intelligence
SustAt .         Harm     .     t - ring of resist corrosion
MR     .....                    (no ring)
Stlth  +++++.....               (no ring)
                                (no ring)
                                (no ring)
                                (no ring)

@: not resistant to hostile enchantments, quite stealthy
A: almost no armour, amphibious, 8 rings, constrict 8, camouflage 1, gelatinous
body 1
a: Evolution, Renounce Religion


You were on level 5 of the Dungeon.
You worshipped Fedhas.
Fedhas was aware of your devotion.
You were not hungry.

You visited 2 branches of the dungeon, and saw 6 of its levels.

You collected 224 gold pieces.
You spent 96 gold pieces at shops.

Inventory:

Hand Weapons
 a - a +0 dagger
 b - a +2 shortbow (weapon)
 m - a +0 club
 s - a +0 falchion
 v - a +0 blowgun
 y - a +0 trident
 B - a +0 rapier
 E - a +0 long sword
Missiles
 e - 91 arrows (quivered)
 z - 48 poisoned needles
Jewellery
 h - a ring of positive energy (left tentacle)
 p - a +4 ring of intelligence (right tentacle)
 t - a ring of resist corrosion (on tentacle)
Wands
 u - a wand of disintegration (8/24)
Scrolls
 l - a scroll of identify {unknown}
 n - a scroll of teleportation {unknown}
 r - a scroll of magic mapping {unknown}
 w - a scroll of amnesia {unknown}
 A - 2 scrolls of remove curse
 C - a scroll of recharging {unknown}
Potions
 c - a potion of lignification
 d - a potion of curing
 g - a potion of agility {unknown}
 i - a potion of brilliance {unknown}
 j - 2 potions of cancellation {unknown}
 o - 2 potions of flight {unknown}
 q - a potion of haste
 x - a potion of ambrosia {unknown}
Comestibles
 f - 2 bread rations
 k - a meat ration
 D - 3 fruits
 F - a beef jerky


   Skills:
 - Level 1.0 Short Blades
 - Level 6.8 Bows
 - Level 1.0 Throwing
 + Level 2.5 Dodging
 - Level 7.6 Stealth
 - Level 2.7 Invocations
 - Level 1.1 Evocations


You had 6 spell levels left.
You didn't know any spells.

Dungeon Overview and Level Annotations

Branches:
Dungeon (5/15)             Temple (1/1) D:4

Altars:
Ashenzari
Cheibriados
Dithmenos
Elyvilon
Fedhas
Gozag
Nemelex Xobeh
Okawaru
Pakellas
Ru
Sif Muna
Trog
Vehumet
Yredelemnul
Zin

Shops:
D:4 !


Innate Abilities, Weirdness & Mutations

You cannot wear most types of armour.
You are amphibious.
You can wear up to eight rings at the same time.
You can use your tentacles to constrict eight enemies at once.
Your skin changes colour to match your surroundings (Stealth).
Your rubbery body absorbs attacks (AC +1).


Message History

The ice beast hits you. The ice beast freezes you.
* * * LOW HITPOINT WARNING * * *
You swap places.
The ice beast hits your wandering mushroom.
The ice beast freezes your wandering mushroom!
Your wandering mushroom is destroyed!
You feel a little guilty.
Wield which item (- for none, * to show all)? (? for menu, Esc to quit)
b - a +2 shortbow (weapon)
Firing (i - inventory):
e - 92 arrows (quivered)
Press: ? - help, Shift-Dir - straight line, f/p - ice beast
Aim: an ice beast (almost dead)
You shoot an arrow.
The arrow hits the ice beast but does no damage.
The ice beast is almost dead.
The ice beast hits you.
* * * LOW HITPOINT WARNING * * *
The ice beast freezes you!
You die...
Fedhas appreciates your contribution to the ecosystem.

#.##.# ##...#
#.##.# #....#
..##.# #..#.#
.###.# #...^# .
#.# #.#..# . ..
#.###.#..# ≈(≈
#....#...#
≈≈(≈.######.#.##
≈≈≈((.(.Y@..#.#
≈≈≈≈..#######.#
..... #.# ≈≈≈≈
#.# ≈≈≈ #.# ≈≈
.# ≈


You could see an ice beast.

Vanquished Creatures
  Eustachio (D:4)
  A big kobold (D:4)
  A giant frog skeleton (D:4)
  2 worker ants (D:4)
  7 adders
  An ooze (D:2)
  An adder skeleton (D:4)
  3 worms (D:2)
  3 giant geckos
  3 orcs
  2 giant cockroaches (D:2)
  10 goblins
  6 hobgoblins
  7 jackals
  25 kobolds
  3 quokkas
  6 bats
  5 giant newts
  10 rats
97 creatures vanquished.

Vanquished Creatures (collateral kills)
  A phantom (D:4)
  An ogre (D:4)
  An iguana (D:4)
  3 worker ants (D:4)
6 creatures vanquished.

Vanquished Creatures (others)
  A wandering mushroom (D:5)
  38 toadstools (D:4)
39 creatures vanquished.

Grand Total: 142 creatures vanquished

Notes
Turn   | Place    | Note
--------------------------------------------------------------
     0 | D:1      | Iskender the Octopode Wanderer began the quest for the Orb.
     0 | D:1      | Iskender set off with: a +2 shortbow, 20 arrows, a potion of lignification, a potion of curing, a +0 dagger, a bread ration
     0 | D:1      | Reached XP level 1. HP: 11/11 MP: 1/1
   104 | D:1      | Reached skill level 3 in Stealth
   104 | D:1      | Reached XP level 2. HP: 13/17 MP: 2/2
   887 | D:2      | Reached skill level 4 in Stealth
   960 | D:2      | Reached XP level 3. HP: 8/21 MP: 3/3
  1250 | D:2      | Found an oddly glowing altar of Pakellas.
  1258 | D:2      | Reached skill level 5 in Stealth
  1455 | D:2      | Reached XP level 4. HP: 23/27 MP: 4/4
  1711 | D:2      | Found a sparkling altar of Nemelex Xobeh.
  1712 | D:2      | Found an opulent altar of Gozag.
  1817 | D:2      | Found an iron altar of Okawaru.
  1818 | D:2      | Found a bloodstained altar of Trog.
  2435 | D:3      | Reached XP level 5. HP: 18/31 MP: 5/5
  2676 | D:4      | Found Tiyfu's Distillery.
  2676 | D:4      | Noticed Eustachio
  2697 | D:4      | Killed Eustachio
  2697 | D:4      | Reached skill level 7 in Stealth
  2697 | D:4      | Reached XP level 6. HP: 17/36 MP: 6/6
  2711 | D:4      | Bought a potion of heal wounds for 60 gold pieces
  2835 | D:4      | Found a staircase to the Ecumenical Temple.
  2845 | Temple   | Entered the Ecumenical Temple
  3042 | Temple   | Became a worshipper of Fedhas Madash
  3157 | D:4      | Bought a potion of curing for 36 gold pieces
  3449 | D:4      | Reached * piety under Fedhas
  3526 | D:4      | Reached XP level 7. HP: 39/41 MP: 7/7
  3586 | D:4      | Reached skill level 1 in Invocations
  3737 | D:4      | Reached skill level 1 in Dodging
  3988 | D:4      | Found a radiant altar of Vehumet.
  3988 | D:4      | Found a glowing silver altar of Zin.
  4045 | D:5      | Entered Level 5 of the Dungeon
  4133 | D:5      | Slain by an ice beast

Skill      XL: |  1  2  3  4  5  6  7 |
---------------+----------------------+-----
Stealth        | 3 4 5 7 |  7.6
Bows           | 6 |  6.8
Invocations    | 2 |  2.7
Dodging        | 2 |  2.5
Short Blades   | |  1.0
Throwing       | |  1.0
Evocations     | |  1.1

Action                   |  1- 3 |  4- 6 |  7- 9 || total
-------------------------+-------+-------+-------++-------
Melee: Dagger            |    77 |    98 |    31 ||   206
       Constrict         |    18 |    28 |     6 ||    52
       Tentacles         |    10 |    28 |     9 ||    47
 Fire: Shortbow          |     7 |    43 |    23 ||    73
Throw: Stone             |    18 |     1 |       ||    19
Invok: Evolution         |       |     1 |       ||     1
  Use: Scroll            |     4 |       |       ||     4
       Potion            |       |     3 |       ||     3
 Stab: Sleeping          |     8 |     5 |       ||    13
  Eat: Chunk             |     2 |     2 |       ||     4
       Royal jelly       |       |     1 |       ||     1
       Bread ration      |       |     1 |       ||     1
Armor: Skin              |     2 |     9 |     3 ||    14
Dodge: Dodged            |    27 |    45 |    16 ||    88
